 Dungeon Crawl Stone Soup version 0.23.1-41-g7e51ed3 (webtiles) character file.

Game seed: 12355864832322769238

49707 Borgoz the Protected (level 14, -12/86 HPs)
             Began as a Gargoyle Gladiator on Mar 30, 2019.
             Was a Priest of Ashenzari.
             Killed from afar by Irenicus's ghost (38 damage)
             ... with a stone arrow
             ... on level 6 of the Lair of Beasts.
             The game lasted 00:39:25 (18412 turns).

Borgoz the Protected (Gargoyle Gladiator)          Turns: 18412, Time: 00:39:26

Health: -12/86     AC: 23    Str: 27    XL:     14   Next: 52%
Magic:  20/20      EV: 19    Int:  9    God:    Ashenzari [***...]
Gold:   1125       SH:  0    Dex: 15    Spells: 19/22 levels left

rFire    + . .     SeeInvis +   a - +4 dagger (elec)
rCold    + . .     Gourm    +   (no shield)
rNeg     + . .     Faith    .   k - +1 troll leather armour
rPois    ∞         Spirit   .   c - +0 helmet
rElec    +         Reflect  .   n - scarf {rC+ rF+}
rCorr    .         Harm     .   y - +1 pair of gloves
MR       +....                  p - +0 pair of boots
Stlth    ++++......             w - amulet of the gourmand
HPRegen  0.64/turn              M - +3 ring of slaying
MPRegen  0.17/turn              m - +3 ring of strength

@: mighty, about to teleport
A: big wings, negative energy resistance 1, electricity resistance, unbreathing,
petrification resistance, rot immunity, AC +10
a: Fly, Curse Item, Scrying, Renounce Religion


You were on level 6 of the Lair of Beasts.
You worshipped Ashenzari.
Ashenzari was most pleased with you.
You were completely stuffed.

You visited 3 branches of the dungeon, and saw 19 of its levels.
You also visited: Sewer.

You collected 1125 gold pieces.

Inventory:

Hand Weapons
 a - a +4 dagger of electrocution (weapon)
 b - a +2 dagger of speed
 v - a +1 rapier
Missiles
 z - 5 poisoned javelins
 A - 3 tomahawks
 N - 2 throwing nets (quivered)
Armour
 c - a +0 helmet (worn)
 h - a +1 ring mail of fire resistance
 k - a +1 troll leather armour (worn)
 n - a scarf of resistance (worn)
 p - a +0 pair of boots (worn)
 y - a +1 pair of gloves (worn)
Jewellery
 j - an uncursed ring of positive energy
 m - a +3 ring of strength (right hand)
 w - an amulet of the gourmand (around neck)
 E - an uncursed ring of magical power
 I - an uncursed ring of stealth
 M - a +3 ring of slaying (left hand)
Wands
 d - a wand of acid (11)
 g - a wand of enslavement (5)
 q - a wand of flame (49)
 x - a wand of digging (7)
 B - a wand of random effects (21)
 D - a wand of paralysis (10)
 F - a wand of iceblast (7)
 K - a wand of polymorph (9)
 L - a wand of disintegration (19)
Scrolls
 e - 8 scrolls of remove curse
 l - 7 scrolls of teleportation
 o - 2 scrolls of blinking
 r - 3 scrolls of fear
 C - a scroll of magic mapping
 G - 4 scrolls of amnesia
 Q - 2 scrolls of acquirement {unknown}
 R - a scroll of fog {unknown}
 U - 2 scrolls of enchant armour
Potions
 i - 6 potions of curing
 s - a potion of haste
 t - 2 potions of magic
 u - a potion of flight
 J - 3 potions of might
 O - a potion of brilliance
 P - a potion of agility
 T - a potion of mutation
 W - a potion of ambrosia
Comestibles
 f - 35 rations


   Skills:
 + Level 9.3 Fighting
 * Level 11.0 Short Blades
 + Level 3.2 Throwing
 * Level 11.9 Armour
 * Level 10.2 Dodging
 + Level 9.8 Stealth
 + Level 4.5 Spellcasting
 - Level 5.0 Charms
 + Level 2.4 Necromancy
 - Level 5.0 Evocations


You had 19 spell levels left.
You knew the following spells:

 Your Spells              Type           Power        Failure   Level  Hunger
a - Regeneration          Chrm/Necr      #.........   19%         3    ###....

Your spell library contained the following spells:

 Spells                   Type           Power        Failure   Level  Hunger
 Animate Skeleton         Necr           N/A          11%         1    #......
 Pain                     Necr           #...         11%         1    #......
 Summon Butterflies       Summ           #.......     28%         1    #......
 Vampiric Draining        Necr           #.........   30%         3    ###....
 Call Canine Familiar     Summ           #.......     63%         3    ###....
 Animate Dead             Necr           N/A          71%         4    #####..
 Leda's Liquefaction      Hex/Erth       #.........   95%         4    #####..
 Summon Ice Beast         Ice/Summ       #.......     95%         4    #####..
 Bolt of Magma            Conj/Fire/Erth #.........   100%        5    ######.
 Summon Mana Viper        Hex/Summ       #.......     100%        5    ######.
 Iron Shot                Conj/Erth      #.........   100%        6    #######
 Summon Hydra             Summ           #.........   100%        7    #######
 Shatter                  Erth           #.........   100%        9    #######
 Statue Form              Tmut/Erth      Unusable     N/A         6    N/A

Dungeon Overview and Level Annotations

Branches:
Dungeon (12/15)            Temple (1/1) D:6            Lair (6/6) D:11
 Shoals (0/4) Lair:2        Snake (0/4) Lair:3        Slime (0/5) Lair:6
    Orc: D:9-12

Altars:
Ashenzari
Cheibriados
Dithmenos
Elyvilon
Fedhas
Gozag
Hepliaklqana
Kikubaaqudgha
Makhleb
Nemelex Xobeh
Okawaru
Ru
Sif Muna
Trog
Wu Jian
Yredelemnul
Zin
The Shining One

Shops:
D:7 *   D:10 *

Annotations:
D:12 Frances
Lair:6 Irenicus's ghost, journeyman DDEE


Innate Abilities, Weirdness & Mutations

You are resistant to torment.
Your stone body is resilient. (AC +10)
You are immune to poison.
Your large and strong wings let you fly indefinitely.
You resist negative energy. (rN+)
You are resistant to electric shocks. (rElec)
You can survive without breathing.
You are immune to petrification.
You are immune to rotting.


Message History

The spriggan misses you.
You puncture Irenicus's ghost!
Lightning courses through Irenicus's ghost!
Irenicus's ghost is moderately damaged.
Irenicus's ghost hits you but does no damage.
You hit Irenicus's ghost but do no damage.
Lightning courses through Irenicus's ghost!
Irenicus's ghost is moderately damaged.
The spriggan misses you.
You barely miss Irenicus's ghost.
Irenicus's ghost is moderately damaged.
Irenicus's ghost hits you but does no damage.
You barely miss Irenicus's ghost.
Irenicus's ghost is moderately damaged.
The spriggan misses you.
You hit Irenicus's ghost but do no damage.
Irenicus's ghost is moderately damaged.
Irenicus's ghost casts a spell at you. The stone arrow hits you!!!
You die...

##P......................##.#
##P..........................#
##..................#####.....##
#.#...............###.©.###....#
##...............##.....# ##....
##..............##.#†i#####....
#..............##i###[#≈#.##...
##.###.......)W#i##§§.[##..#...
#.###.........@#y.§.§_.y..y#©..
#.............i#...........#...
###............##....#≈##.##...
#.#............#....####.#....
###PP..........##......###....
#.............###...###.....
##..............#####.......
##.P........#....P.........
#P.P..........#.PP........


You could see a spriggan rider, a moth of wrath, 2 spriggans and Irenicus's
ghost.

Vanquished Creatures
  Gastronok (Lair:3)
  Erolcha (D:9)
  3 hydras
  Fannar (Lair:3)
  4 catoblepae (Lair:6)
  Erica (D:8)
  10 death yaks
  5 two-headed ogres
  Nergalle (D:10)
  An oklob plant (Lair:1)
  An ugly thing (D:10)
  A moth of wrath (Lair:6)
  6 elephants
  2 manticores (Lair:6)
  Joseph (D:9)
  3 black mambas (Lair:6)
  An ice statue (Lair:4)
  2 gargoyles
  7 spiny frogs
  6 komodo dragons
  A rime drake (Lair:6)
  2 polar bears
  A freezing wraith (Lair:4)
  A troll (D:10)
  Grinder (D:5)
  Prince Ribbit (D:9)
  11 blink frogs
  7 hippogriffs
  2 spriggans
  A wyvern (Lair:6)
  32 yaks
  A basilisk (Lair:1)
  Eustachio (D:4)
  2 hungry ghosts
  5 nagas (Lair:3)
  16 water moccasins
  8 porcupines
  A black bear (D:9)
  11 ice beasts
  4 phantoms
  A sky beast (D:9)
  4 orc warriors
  2 necrophages (D:9)
  An ogre (D:8)
  13 wolves
  5 centaurs
  16 crocodiles
  Blork the orc (D:4)
  12 bullfrogs
  A wyvern skeleton (D:7)
  2 scorpions
  A water moccasin skeleton (D:7)
  6 killer bees
  3 howler monkeys
  An electric eel (Lair:3)
  4 crimson imps
  15 jellies
  A centaur skeleton (D:5)
  4 orc priests
  5 hounds
  A gnoll shaman (D:4)
  3 iguanas
  15 orc wizards
  A hell rat (D:11)
  7 worker ants
  Terence (D:3)
  A centaur simulacrum (D:9)
  A hound zombie (D:8)
  A hound skeleton (D:7)
  A howler monkey zombie (D:10)
  A worker ant zombie (D:10)
  9 gnolls
  A howler monkey skeleton (D:6)
  A river rat (D:3)
  11 adders
  3 shadow imps
  5 white imps
  A worker ant simulacrum (D:9)
  An ufetubus (D:9)
  4 oozes
  2 adder skeletons
  A dart slug (D:2)
  3 worms
  13 leopard geckos
  32 orcs
  2 ball pythons
  2 giant cockroaches (D:1)
  10 goblins
  5 hobgoblins
  22 jackals
  6 quokkas
  5 bats
  3 frilled lizards
  11 kobolds
  A leopard gecko skeleton (D:4)
  A leopard gecko zombie (D:6)
  12 rats
  A plant (Lair:1)
466 creatures vanquished.

Vanquished Creatures (others)
  3 fungi (Lair:6)
  3 plants
6 creatures vanquished.

Grand Total: 472 creatures vanquished

Notes
Turn   | Place    | Note
-------+----------+-------------------------------------------
     0 | D:1      | Borgoz the Gargoyle Gladiator began the quest for the Orb.
     0 | D:1      | Reached XP level 1. HP: 12/12 MP: 1/1
    65 | D:1      | Reached XP level 2. HP: 15/17 MP: 2/2
   637 | D:2      | Reached XP level 3. HP: 13/22 MP: 3/3
  1139 | D:2      | Found a glowing golden altar of the Shining One.
  1728 | D:3      | Noticed Terence
  1743 | D:3      | Killed Terence
  1743 | D:3      | Reached skill level 1 in Armour
  1743 | D:3      | Reached skill level 1 in Stealth
  1743 | D:3      | Reached XP level 4. HP: 20/27 MP: 4/4
  1951 | D:3      | Found a glowing drain.
  1957 | Sewer    | Entered a sewer
  2022 | Sewer    | Noticed a crocodile
  2044 | Sewer    | Killed a crocodile
  2044 | Sewer    | Reached XP level 5. HP: 3/32 MP: 5/5
  2965 | D:4      | Reached XP level 6. HP: 37/37 MP: 6/6
  3296 | D:4      | Noticed a phantom
  3324 | D:4      | Killed a phantom
  3405 | D:4      | Noticed Blork the orc
  3418 | D:4      | Killed Blork the orc
  3418 | D:4      | Reached XP level 7. HP: 42/42 MP: 7/7
  3478 | D:4      | Noticed Eustachio
  3570 | D:4      | Killed Eustachio
  3875 | D:5      | Entered Level 5 of the Dungeon
  4089 | D:5      | Noticed Grinder
  4099 | D:5      | Killed Grinder
  4099 | D:5      | Reached skill level 5 in Short Blades
  4099 | D:5      | Reached XP level 8. HP: 47/48 MP: 8/8
  4102 | D:5      | Found a sparkling altar of Nemelex Xobeh.
  4359 | D:5      | Found a sparkling altar of Nemelex Xobeh.
  4602 | D:6      | Reached skill level 5 in Dodging
  4613 | D:6      | Learned a level 3 spell: Regeneration
  4911 | D:6      | Reached skill level 1 in Charms
  4923 | D:6      | Reached skill level 1 in Evocations
  5209 | D:6      | Reached skill level 5 in Fighting
  5209 | D:6      | Reached XP level 9. HP: 54/54 MP: 9/9
  5318 | D:6      | Found a staircase to the Ecumenical Temple.
  5332 | Temple   | Entered the Ecumenical Temple
  5511 | Temple   | Became a worshipper of Ashenzari the Shackled
  5895 | D:7      | Found a hazy altar of Hepliaklqana.
  5925 | D:7      | Found Cauhun's Assorted Antiques.
  5931 | D:7      | Reached skill level 5 in Armour
  6199 | D:7      | Reached skill level 5 in Stealth
  6351 | D:7      | Noticed a gargoyle
  6359 | D:7      | Killed a gargoyle
  6543 | D:7      | Reached XP level 10. HP: 60/60 MP: 11/11
  6969 | D:8      | Noticed a two-headed ogre
  6976 | D:8      | Killed a two-headed ogre
  7719 | D:8      | Noticed Erica
  7735 | D:8      | Killed Erica
  7934 | D:9      | Noticed Joseph
  7969 | D:9      | Killed Joseph
  7970 | D:9      | HP: 1/61 [orc priest/divine providence (10)]
  8602 | D:9      | Reached XP level 11. HP: 66/66 MP: 13/13
  8755 | D:9      | Noticed Prince Ribbit
  8757 | D:9      | Noticed Erolcha
  8778 | D:9      | Killed Prince Ribbit
  8787 | D:9      | Killed Erolcha
  9073 | D:9      | Reached * piety under Ashenzari
  9218 | D:10     | Entered Level 10 of the Dungeon
  9696 | D:10     | Found Qason's Serpentskin Sales.
  9805 | D:10     | Noticed a two-headed ogre
  9819 | D:10     | Killed a two-headed ogre
 10256 | D:10     | Noticed a purple ugly thing
 10263 | D:10     | Noticed a two-headed ogre
 10274 | D:10     | Killed a purple ugly thing
 10287 | D:10     | Noticed a two-headed ogre
 10303 | D:10     | Killed a two-headed ogre
 10317 | D:10     | Killed a two-headed ogre
 10317 | D:10     | Reached XP level 12. HP: 50/72 MP: 15/15
 10513 | D:10     | Noticed Nergalle
 10542 | D:10     | Killed Nergalle
 10850 | D:11     | Noticed a death yak
 10852 | D:11     | Noticed a death yak
 10854 | D:11     | Noticed a death yak
 10886 | D:10     | Killed a death yak
 11242 | D:11     | Found a staircase to the Lair.
 11254 | D:11     | Killed a death yak
 11348 | D:11     | Killed a death yak
 11348 | D:11     | Reached skill level 1 in Spellcasting
 11444 | D:12     | Noticed a two-headed ogre
 11463 | D:12     | Killed a two-headed ogre
 11463 | D:12     | Reached skill level 5 in Evocations
 11507 | D:12     | Noticed Frances
 11518 | D:12     | Noticed a sun demon
 11565 | Lair:1   | Entered Level 1 of the Lair of Beasts
 11886 | Lair:1   | Reached ** piety under Ashenzari
 11929 | Lair:1   | Reached skill level 5 in Charms
 12975 | Lair:2   | Found a staircase to the Shoals.
 13428 | Lair:3   | Noticed Gastronok
 13447 | Lair:3   | Killed Gastronok
 13447 | Lair:3   | Reached skill level 10 in Armour
 13582 | Lair:3   | Noticed Fannar
 13608 | Lair:3   | Killed Fannar
 13608 | Lair:3   | Reached XP level 13. HP: 59/78 MP: 16/16
 14056 | Lair:3   | Found a staircase to the Snake Pit.
 14576 | Lair:4   | Reached skill level 10 in Short Blades
 14808 | Lair:4   | Found a deep blue altar of Sif Muna.
 15327 | Lair:5   | Reached *** piety under Ashenzari
 16279 | Lair:6   | Entered Level 6 of the Lair of Beasts
 16368 | Lair:6   | Found a staircase to the Slime Pits.
 16377 | Lair:6   | Reached skill level 1 in Necromancy
 16652 | Lair:6   | Gained mutation: Your large and strong wings let you fly
                  | indefinitely. [Gargoyle growth]
 16652 | Lair:6   | Reached XP level 14. HP: 79/84 MP: 20/20
 16890 | Lair:6   | Found a transporter.
 16893 | Lair:6   | Identified the +8 trident of Boze {distort, rF+ rC+}
 16900 | Lair:6   | Found a transporter.
 16925 | Lair:6   | Noticed Irenicus's ghost (journeyman DDEE)
 16926 | Lair:6   | Found a bloodstained altar of Trog.
 17132 | Lair:6   | Reached skill level 10 in Dodging
 18412 | Lair:6   | Killed from afar by Irenicus's ghost

Skill      XL: |  1  2  3  4  5  6  7  8  9 10 11 12 13 14 |
---------------+-------------------------------------------+-----
Short Blades   | 3 4 5 6 7 8 9 10 11 | 11.0
Dodging        | 3 4 5 6 7 8 9 10 | 10.2
Armour         | 1 2 3 4 6 7 8 10 11 | 11.9
Stealth        | 1 2 3 4 5 6 7 8 9 |  9.8
Fighting       | 3 4 5 6 7 8 9 |  9.3
Charms         | 1 2 3 4 5 |  5.0
Evocations     | 1 2 3 4 5 |  5.0
Spellcasting   | 2 4 |  4.5
Throwing       | 2 3 |  3.2
Necromancy     | 1 2 |  2.4

Action                   |  1- 3 |  4- 6 |  7- 9 | 10-12 | 13-15 || total
-------------------------+-------+-------+-------+-------+-------++-------
Melee: Rapier            |   119 |   140 |   463 |       |       ||   722
       Dagger            |       |     7 |    83 |   923 |   894 ||  1907
Throw: Throwing net      |     3 |     5 |       |       |       ||     8
 Cast: Regeneration      |       |       |       |     1 |       ||     1
Evoke: Wand              |       |     3 |     3 |    13 |     3 ||    22
  Use: Potion            |     2 |     2 |     5 |     8 |     5 ||    22
       Scroll            |       |     7 |     7 |     7 |     8 ||    29
 Stab: Sleeping          |     2 |     4 |     3 |    17 |    13 ||    39
       Held in net/web   |       |     2 |       |       |       ||     2
       Petrified         |       |       |       |       |     7 ||     7
       Petrifying        |       |       |       |       |     1 ||     1
  Eat: Chunk             |     2 |     6 |    11 |    40 |    17 ||    76
Armor: Leather armour    |    81 |    37 |       |       |       ||   118
       Ring mail         |       |     8 |   230 |   107 |       ||   345
       Skin              |       |       |    11 |       |       ||    11
       Troll leather arm |       |       |       |   123 |   268 ||   391
Dodge: Dodged            |   102 |    92 |   370 |   524 |   550 ||  1638
